AoeStats
← Strombergs

Socotra

506290191Analyzed
2v2 RM · 18d ago on Sep 13, 2026· 57m 2s· 4 players
Game mode
Random Map
Map size
Tiny (2 player)
Population
200
Speed
Normal
Resources
Standard
Victory
Conquest
Starting age
Dark Age
Ending age
Imperial Age
RankedLock teamsTeams togetherTeam positionsShared explorationLock speedFull tech treeHidden civsTurbo modeCheats
Victory
Defeat
🇲🇽 Bulgarians · Mexico
875
+16
🇻🇪 Japanese · Venezuela
862
+17
🇦🇷 Bohemians · Argentina
1015
-22
🇦🇷 Celts · Argentina
751
-11
BP | CoroCo
4:41 Loom
10:54 Feudal Age
11:53 Double-Bit Axe
15:44 Man-at-Arms
16:19 Horse Collar
18:59 Scale Mail Armor
21:44 Fletching
22:08 Forging
25:55 Castle Age
27:19 Chain Mail Armor
27:41 Iron Casting
27:13 Squires
26:59 Gambesons
27:06 Gambesons
31:25 Bow Saw
34:24 Elite Skirmisher
35:38 Bodkin Arrow
37:32 Gold Mining
48:00 Imperial Age
48:06 Padded Archer Armor
48:30 Thumb Ring
52:30 Elite Samurai
BP | VICHUAM
5:23 Loom
10:43 Feudal Age
15:45 Arson
16:22 Forging
16:14 Scale Mail Armor
16:13 Horse Collar
19:43 Double-Bit Axe
22:40 Castle Age
21:18 Scale Barding Armor
21:34 Gold Mining
21:34 Stone Mining
23:22 Gambesons
23:39 Squires
26:52 Iron Casting
29:50 Bow Saw
31:02 Chain Barding Armor
32:27 Husbandry
32:37 Bloodlines
43:30 Padded Archer Armor
49:17 Town Watch
salepaixa II
11:33 Feudal Age
10:58 Loom
12:03 Town Watch
12:08 Double-Bit Axe
20:31 Castle Age
21:06 Padded Archer Armor
24:38 Chemistry
26:39 Wheelbarrow
26:24 Leather Archer Armor
26:35 Ballistics
46:19 Imperial Age
48:21 Ring Archer Armor
54:45 Scale Barding Armor
54:55 Husbandry
Strombergs
3:12 Loom
11:28 Feudal Age
15:26 Double-Bit Axe
15:50 Horse Collar
16:14 Man-at-Arms
19:05 Forging
21:12 Scale Mail Armor
21:57 Wheelbarrow
21:51 Fletching
26:44 Castle Age
Connection lost

Rejoining the realm…

Still unreachable

The connection could not be restored.

Session expired

The server has moved on; the page needs a fresh start.